 Dungeon Crawl Stone Soup version 0.23.0 (webtiles) character file.

Game seed: 16816913550485875544

41 tidbits the Charmwright (level 3, 0/31 HPs)
             Began as a Gnoll Skald on Feb 14, 2019.
             Was an Initiate of Cheibriados.
             Slain by a hippogriff (7 damage)
             ... on level 4 of the Dungeon.
             The game lasted 00:05:35 (545 turns).

tidbits the Charmwright (Gnoll Skald)                Turns: 545, Time: 00:05:36

Health: 0/31       AC:  7    Str: 12 (14) XL:     3   Next: 52%
Magic:  1/18       EV: 14    Int: 14 (17) God:    Cheibriados [......]
Gold:   17         SH:  0    Dex: 14 (15) Spells: 1/12 levels left

rFire    . . .     SeeInvis +   a - +0 spear
rCold    . . .     Gourm    .   (no shield)
rNeg     . . .     Faith    .   b - +0 leather armour
rPois    .         Spirit   .   (no helmet)
rElec    .         Reflect  .   (no cloak)
rCorr    .         Harm     .   (no gloves)
MR       .....                  (no boots)
Stlth    +.........             g - amulet of the acrobat
HPRegen  0.10/turn              t - ring of magical power
MPRegen  0.16/turn              (no ring)

@: flying, very slightly contaminated, very slow
A: distributed training, fangs 1, icy blue scales 1, iridescent scales 1, see
invisible, strong nose
a: Bend Time, Renounce Religion


You were on level 4 of the Dungeon.
You worshipped Cheibriados.
Cheibriados was noncommittal.
You were not hungry.

You visited 2 branches of the dungeon, and saw 5 of its levels.

You collected 17 gold pieces.

Inventory:

Hand Weapons
 a - a +0 spear (weapon)
 m - a +0 dagger
 p - a +0 war axe
 r - a +0 hunting sling
Missiles
 j - 16 arrows
 n - 19 sling bullets
 s - 6 stones (quivered)
Armour
 b - a +0 leather armour (worn)
 q - a +0 ring mail
Jewellery
 g - an amulet of the acrobat (around neck)
   (You found it on level 1 of the Dungeon)
 t - a ring of magical power (left hand)
   (You found it on level 4 of the Dungeon)
Scrolls
 f - a scroll of teleportation {unknown}
 h - a scroll of magic mapping
 l - a scroll of identify {unknown}
Comestibles
 d - 2 rations


   Skills:
 + Level 4.5 Fighting
 + Level 0.8 Short Blades
 + Level 0.8 Long Blades
 + Level 0.8 Axes
 + Level 0.8 Maces & Flails
 + Level 4.5 Polearms
 + Level 0.8 Staves
 + Level 0.8 Slings
 + Level 0.8 Bows
 + Level 0.8 Crossbows
 + Level 0.8 Throwing
 + Level 2.6 Armour
 + Level 4.5 Dodging
 + Level 0.8 Stealth
 + Level 0.8 Shields
 + Level 0.8 Unarmed Combat
 + Level 5.0 Spellcasting
 + Level 0.5 Conjurations
 + Level 0.5 Hexes
 + Level 5.4 Charms
 + Level 0.5 Summonings
 + Level 0.5 Necromancy
 + Level 0.5 Translocations
 + Level 0.5 Transmutations
 + Level 0.5 Fire Magic
 + Level 0.5 Ice Magic
 + Level 0.5 Air Magic
 + Level 0.5 Earth Magic
 + Level 0.5 Poison Magic
 + Level 1.0 Invocations
 + Level 0.8 Evocations


You had one spell level left.
You knew the following spells:

 Your Spells              Type           Power        Failure   Level  Hunger
g - Shroud of Golubria    Chrm/Tloc      ##........   10%         2    ##.....
i - Infusion              Chrm           ###.         2%          1    None
r - Regeneration          Chrm/Necr      ##........   19%         3    ###....
w - Spectral Weapon       Hex/Chrm       ##......     19%         3    ###....
y - Song of Slaying       Chrm           ###.....     3%          2    ##.....

Your spell library contained the following spells:

 Spells                   Type           Power        Failure   Level  Hunger


Dungeon Overview and Level Annotations

Branches:
Dungeon (4/15)             Temple (1/1) D:4

Altars:
Ashenzari
Cheibriados
Dithmenos
Fedhas
Ru
Sif Muna


Innate Abilities, Weirdness & Mutations

Your experience applies equally to all skills.
You have very sharp teeth.
Your uncanny sense of smell can sniff out nearby items.
You are partially covered in icy blue scales. (AC +2)
You are partially covered in iridescent scales. (AC +2)
You have supernaturally acute eyesight. (SInv)


Message History

The hippogriff screeches!
You hear a howl!
It was a potion of mutation.
You feel extremely strange.
Iridescent scales grow over part of your body.
Icy blue scales grow over part of your body.
Your vision sharpens.
Casting: Spectral Weapon (safe; 16% risk of failure)
Confirm with . or Enter, or press ? or * to list all spells.
You miscast Spectral Weapon.
Your skin tingles.
Okay, then.
Evoke which item? (* to show all) (? for menu, Esc to quit)
Okay, then.
As you read the scroll labeled ESIUSTRYLLO, it crumbles to dust.
You feel aware of your surroundings.
It was a scroll of magic mapping.
It was a potion of degeneration.
There was something very wrong with that liquid.
You feel weakened.
You feel dopey.
You feel clumsy.
It was a potion of curing.
You feel better. The hippogriff bites you. The hippogriff misses you.
The hippogriff claws you.
Fire/throw which item? (* to show all) (? for menu, Esc to quit)
Really fire
e - 2 throwing nets {!f}?
Throwing (i - inventory. (/) - cycle)
e - 2 throwing nets (quivered)
{!f}
Press: ? - help, Shift-Dir - straight line, f - hippogriff
Aim: a hippogriff You throw a throwing net {!f}.
The throwing net {!f} barely misses the hippogriff.
The hippogriff bites you. The hippogriff barely misses you.
The hippogriff closely misses you.
Fire/throw which item? (* to show all) (? for menu, Esc to quit)
Really fire
e - a throwing net {!f}?
Throwing (i - inventory. (/) - cycle)
e - a throwing net (quivered)
{!f}
Press: ? - help, Shift-Dir - straight line, f/p - hippogriff
Aim: a hippogriff You throw a throwing net {!f}.
The throwing net {!f} hits the hippogriff.
The hippogriff is caught in the net!
A howler monkey comes into view.
The hippogriff struggles against the net.
You hit the hippogriff.
The hippogriff is lightly wounded.
The hippogriff struggles against the net.
You hit the hippogriff.
You bite the hippogriff, but do no damage.
The hippogriff is lightly wounded.
The hippogriff struggles against the net.
You hit the hippogriff.
The hippogriff is moderately wounded.
The hippogriff struggles against the net.
You hit the hippogriff.
You bite the hippogriff, but do no damage.
The hippogriff is moderately wounded.
You hit the hippogriff. You bite the hippogriff.
The hippogriff is moderately wounded.
The hippogriff struggles against the net.
You catch the helpless hippogriff completely off-guard!
You hit the hippogriff.
You bite the hippogriff, but do no damage.
The hippogriff is heavily wounded.
The hippogriff struggles against the net.
The net rips apart, and the hippogriff comes free!
The howler monkey hits you.
The hippogriff completely misses you. x3
Casting: Spectral Weapon (safe; 19% risk of failure)
Confirm with . or Enter, or press ? or * to list all spells.
You draw out your weapon's spirit!
The howler monkey closely misses you. The hippogriff bites you.
The hippogriff pecks you.
* * * LOW HITPOINT WARNING * * *
The hippogriff misses you.
You hit the howler monkey.
The howler monkey is moderately wounded.
Your spectral weapon hits the howler monkey.
The howler monkey closely misses your spectral weapon.
You barely miss the howler monkey.
The howler monkey is heavily wounded.
Your spectral weapon barely misses the howler monkey.
The hippogriff completely misses you. The hippogriff pecks you.
* * * LOW HITPOINT WARNING * * *
The hippogriff claws you.
* * * LOW HITPOINT WARNING * * *
The howler monkey hits you but does no damage.
You barely miss the howler monkey. Your punch misses the howler monkey.
The howler monkey is heavily wounded.
Your spectral weapon barely misses the howler monkey.
The hippogriff misses you. x2; The hippogriff barely misses you.
The howler monkey misses you.
Unknown command.
You hit the hippogriff.
The hippogriff is heavily wounded.
Your spectral weapon hits the hippogriff from afar.
The howler monkey misses you. The hippogriff misses you.
The hippogriff pecks you.
* * * LOW HITPOINT WARNING * * *
The hippogriff barely misses you.
You hit the hippogriff but do no damage.
The hippogriff is severely wounded.
Your spectral weapon barely misses the hippogriff.
The howler monkey hoots and howls with incredible vigour!
The hippogriff bites you but does no damage.
The hippogriff pecks you but does no damage.
The hippogriff claws you!
You die...

**** *** **,.###*
,,***,,....#* ###
,,,,,,,..#..#* #.####
**,,,,,..?...###.#..#
*,***,*.......#H@...#
**,,,,*,,*#...(h...##
*,***,*,**#...(.####
**,,,,,,,*####..####*##
*,***,,,,* #......##.##
**,,,,,,**###...<......##
*,***,*,,*#.............#
**,,,,,..##............#*
*,****,w.....PPP......##


You could see a hippogriff, a howler monkey and a friendly spectral +0 spear.

Vanquished Creatures
  An adder (D:3)
  A worm (D:3)
  A dart slug (D:2)
  5 orcs
  2 giant cockroaches
  2 goblins (D:3)
  5 hobgoblins
  A ball python (D:2)
  A bat (D:3)
  2 rats
21 creatures vanquished.

Notes
Turn   | Place    | Note
-------+----------+-------------------------------------------
     0 | D:1      | tidbits the Gnoll Skald began the quest for the Orb.
     0 | D:1      | Reached XP level 1. HP: 20/20 MP: 6/6
   178 | D:2      | Found a faded altar of an unknown god.
   183 | D:2      | Reached XP level 2. HP: 26/26 MP: 4/7
   187 | D:2      | Learned a level 2 spell: Song of Slaying
   224 | D:3      | Found a sacrificial altar of Ru.
   250 | D:3      | Learned a level 2 spell: Shroud of Golubria
   322 | D:3      | Reached XP level 3. HP: 25/31 MP: 9/9
   327 | D:3      | Learned a level 3 spell: Regeneration
   331 | D:3      | Learned a level 3 spell: Spectral Weapon
   393 | D:3      | Reached skill level 5 in Spellcasting
   484 | D:4      | Found a staircase to the Ecumenical Temple.
   493 | Temple   | Entered the Ecumenical Temple
   499 | Temple   | Became a worshipper of Cheibriados the Contemplative
   524 | D:4      | Reached skill level 1 in Invocations
   524 | D:4      | Noticed a hippogriff
   526 | D:4      | Gained mutation: You are partially covered in iridescent
                  | scales. (AC +2) [potion of mutation]
   526 | D:4      | Gained mutation: You are partially covered in icy blue
                  | scales. (AC +2) [potion of mutation]
   526 | D:4      | Gained mutation: You have supernaturally acute eyesight.
                  | (SInv) [potion of mutation]
   545 | D:4      | Slain by a hippogriff

Skill      XL: |  1  2  3 |
---------------+----------+-----
Spellcasting   | 5 |  5.0
Invocations    | 1 |  1.0
Fighting       | |  4.5
Short Blades   | |  0.8
Long Blades    | |  0.8
Axes           | |  0.8
Maces & Flails | |  0.8
Polearms       | |  4.5
Staves         | |  0.8
Slings         | |  0.8
Bows           | |  0.8
Crossbows      | |  0.8
Throwing       | |  0.8
Armour         | |  2.6
Dodging        | |  4.5
Stealth        | |  0.8
Shields        | |  0.8
Unarmed Combat | |  0.8
Conjurations   | |  0.5
Hexes          | |  0.5
Charms         | |  5.4
Summonings     | |  0.5
Necromancy     | |  0.5
Translocations | |  0.5
Transmutations | |  0.5
Fire Magic     | |  0.5
Ice Magic      | |  0.5
Air Magic      | |  0.5
Earth Magic    | |  0.5
Poison Magic   | |  0.5
Evocations     | |  0.8

Action                   || total
-------------------------++-------
Melee: Spear             ||    67
       Bite              ||     9
Throw: Throwing net      ||     2
 Cast: Infusion          ||     4
       Song of Slaying   ||     2
       Spectral Weapon   ||     3
       Regeneration      ||     1
  Use: Potion            ||     4
       Scroll            ||     1
 Stab: Held in net/web   ||     1
Armor: Leather armour    ||     7
Dodge: Dodged            ||    39

Table legend:
 A = Turns spent in this place as a percentage of turns spent in the entire game.
 B = Non-inter-level travel turns spent in this place as a percentage of non-inter-level travel turns spent in the entire game.
 C = Inter-level travel turns spent in this place as a percentage of turns spent in this place.
 D = Turns resting spent in this place as a percentage of non-inter-level travel turns spent in this place.
 E = Turns spent auto-exploring this place as a percentage of non-inter-level travel turns spent in this place.
 F = Non-inter-level travel turns spent in this place divided by the number of levels of this place that you've seen.
                   A       B       C       D       E      F
               +-------+-------+-------+-------+-------+----------------------
         Total | 100.0 | 100.0 |   0.0 |   0.0 |   0.0 | 109.0
       Dungeon |  97.6 |  97.6 |   0.0 |   0.0 |   0.0 | 133.0
        Temple |   2.4 |   2.4 |   0.0 |   0.0 |   0.0 |  13.0
               +-------+-------+-------+-------+-------+----------------------

Table legend:
 A = Kills in this place as a percentage of kills in entire the game.
 B = Kills by you in this place as a percentage of kills by you in the entire game.
 C = Kills by friends in this place as a percentage of kills by friends in the entire game.
 D = Other kills in this place as a percentage of other kills in the entire game.
 E = Experience gained in this place as a percentage of experience gained in the entire game.
 F = Experience gained in this place divided by the number of levels of this place that you have seen.
                   A       B       C       D       E      F
               +-------+-------+-------+-------+-------+----------------------
         Total | 100.0 | 100.0 |   N/A |   N/A | 100.0 |  11.8
       Dungeon | 100.0 | 100.0 |   N/A |   N/A | 100.0 |  14.8
               +-------+-------+-------+-------+-------+----------------------

Levels and vault maps discovered:
D:1:      roderic_crossed_star, layout_loops_cross
D:2:      cheibrodos_helix_gallery, layout_basic, elyvilon_altar_1,
          chequers_ecumenical_altar_simple, uniq_jessica
D:3:      layout_loops_corners, nicolae_ru_sacrificial_ziggurat, first_ration
D:4:      layout_cave_pools, minmay_temple_entry_overgrown, minmay_manual_maat,
          uniq_eustachio
Temple:   eino_temple_rhombus
